 Dungeon Crawl Stone Soup version 0.17.1-3-g152610e (webtiles) character file.

98 Goblin1989 the Firebug (level 4, -2/24 HPs)
             Began as a Deep Elf Fire Elementalist on May 2, 2016.
             Slain by a gnoll
             ... wielding a +0 spear
              (7 damage)
             ... on level 2 of the Dungeon.
             The game lasted 00:12:55 (1920 turns).

Goblin1989 the Firebug (Deep Elf Fire Elementalist) Turns: 1920, Time: 00:12:55

Health: -2/24      AC:  4    Str:  5    XL:     4   Next: 43%
Magic:  10/11      EV:  8    Int: 21    God:
Gold:   147        SH:  0    Dex: 15    Spells: 3 memorised, 3 levels left

rFire  . . .     SeeInvis .     k - +3 club
rCold  . . .     Clarity  .     a - +0 robe
rNeg   . . .     SustAt   .     (no shield)
rPois  .         Gourm    .     n - +0 helmet
rElec  .         Spirit   .     (no cloak)
rCorr  .         Warding  .     (no gloves)
rMut   .         Stasis   .     s - +0 pair of boots
MR     .....                    (no amulet)
Stlth  ++........               (no ring)
                                (no ring)

@: not resistant to hostile enchantments, unstealthy
A: no striking features
a: no special abilities


You were on level 2 of the Dungeon.
You were hungry.

You visited 1 branch of the dungeon, and saw 2 of its levels.

You collected 147 gold pieces.

Inventory:

Hand Weapons
 k - a +3 club (weapon)
 t - a +0 dagger of holy wrath
Armour
 a - a +0 robe (worn)
 n - a +0 helmet (worn)
 s - a +0 pair of boots (worn)
Scrolls
 j - a scroll of random uselessness {unknown}
 l - 2 scrolls of identify {unknown}
Potions
 e - 2 potions of magic {unknown}
 f - 3 potions of flight {unknown}
 g - a potion of heal wounds {unknown}
 i - a potion of might {unknown}
 m - a potion of haste {unknown}
 p - a potion of degeneration {unknown}
 q - a potion of lignification {unknown}
 r - a potion of brilliance {unknown}
Books
 b - a book of Flames

   Spells                             Type                      Level
   a - Flame Tongue                   Conjuration/Fire             1
   b - Throw Flame                    Conjuration/Fire             2
   c - Conjure Flame                  Conjuration/Fire             3
   d - Inner Flame                    Hexes/Fire                   3
   e - Sticky Flame                   Conjuration/Fire             4
   f - Fireball                       Conjuration/Fire             5
Comestibles
 c - a bread ration
 d - a slice of pizza
 h - a meat ration
 o - 4 fruits


   Skills:
 - Level 2.4 Dodging
 - Level 2.4 Stealth
 + Level 3.9 Spellcasting
 * Level 2.9 Conjurations
 * Level 4.5 Fire Magic


You had 3 spell levels left.
You knew the following spells:

 Your Spells              Type           Power        Failure   Level  Hunger
a - Flame Tongue          Conj/Fire      ###..        2%          1    None
b - Conjure Flame         Conj/Fire      ###.....     10%         3    ###....
c - Inner Flame           Hex/Fire       ##......     17%         3    ###....


Dungeon Overview and Level Annotations

Branches:
Dungeon (2/15)

Altars:


Message History

The flame tongue misses the gnoll.
You now have 8/11 mp.
Aim: a gnoll, wielding a flail The flame tongue hits the gnoll.
The gnoll hits you with a flail.
You take 3 damage, and have 21/24 hp.
The gnoll barely misses you. The gnoll closely misses you.
The gnoll hits you with a flail.
You take 5 damage, and have 16/24 hp.
MASSIVE DAMAGE!!
The gnoll hits you from afar with a spear.
You take 2 damage, and have 14/24 hp.
The gnoll hits you from afar with a spear.
You take 1 damage, and have 13/24 hp.
You see here 24 arrows.
There is a stone staircase leading down here.
There is a stone staircase leading up here.
The gnoll hits you with a club!
* * * LOW HITPOINT WARNING * * *
The gnoll hits you from afar with a spear!
You die...

### #.(.....).# #######.##
#.........#
.........######.......##
.#####.................#
####........##.........#
.....##.#..###.........#####..
##### #...####..........>.....
##..####.................
######...#....#.@.....########
..>........###.g.....#####
######...### #g##...#....###
#..........###.#...........######
#................(#.#....#.......
#........##..g##.)...............
#........###..##.......>.........
.........###(.(#.................
................g.........#######


You could see 3 gnolls.

Vanquished Creatures
  Robin (D:1)
  A gnoll (D:2)
  2 adders (D:2)
  An ooze (D:2)
  A worm (D:2)
  3 giant geckos
  7 bats
  3 giant cockroaches
  5 hobgoblins
  6 kobolds (D:1)
  2 ball pythons
  2 giant newts (D:1)
  17 goblins
  4 rats
55 creatures vanquished.

Notes
Turn   | Place    | Note
--------------------------------------------------------------
     0 | D:1      | Goblin1989 the Deep Elf Fire Elementalist began the quest for the Orb.
     0 | D:1      | Reached XP level 1. HP: 10/10 MP: 6/6
   179 | D:1      | Reached XP level 2. HP: 15/15 MP: 0/8
   906 | D:2      | Reached XP level 3. HP: 19/19 MP: 6/9
   908 | D:2      | Reached skill level 4 in Fire Magic
   946 | D:2      | Learned a level 3 spell: Conjure Flame
  1250 | D:2      | Noticed Robin
  1410 | D:1      | Learned a level 3 spell: Inner Flame
  1458 | D:1      | Killed Robin
  1458 | D:1      | Reached XP level 4. HP: 24/24 MP: 6/11
  1920 | D:2      | Slain by a gnoll

Action                   |  1- 3 |  4- 6 || total
-------------------------+-------+-------++-------
Melee: Short sword       |     2 |       ||     2
 Cast: Flame Tongue      |    63 |    30 ||    93
       Conjure Flame     |     1 |       ||     1
  Use: Scroll            |       |     1 ||     1
  Eat: Chunk             |     2 |       ||     2
